 Dungeon Crawl Stone Soup version 0.22.0-5-gf09313c (webtiles) character file.

7952 rgaf the Grappler (level 11, 0/96 (97) HPs)
             Began as a Ghoul Monk on Aug 14, 2018.
             Was an Elder of Makhleb.
             Shot with an arrow by a centaur (3 damage)
             ... on level 11 of the Dungeon.
             The game lasted 00:14:22 (12016 turns).

rgaf the Grappler (Ghoul Monk)                     Turns: 12016, Time: 00:14:22

HP:   0/96 (97)     AC: 14    Str: 19    XL:     11   Next: 23%
MP:   16/16         EV:  6    Int:  5    God:    Makhleb [****..]
Gold: 537           SH:  0    Dex: 11    Spells: 10/10 levels left

rFire    . . .     SeeInvis .     - Unarmed
rCold    + + .     Gourm    .   (no shield)
rNeg     + + +     Faith    .   O - +0 plate armour
rPois    ∞         Spirit   .   Q - +0 helmet
rElec    .         Reflect  .   w - +0 cloak (curse)
rCorr    .         Harm     .   (no gloves)
MR       .....                  (no boots)
Stlth    ..........             (no amulet)
HPRegen  0.00/turn              j - ring of protection from cold
MPRegen  0.15/turn              (no ring)

@: rotting
A: rotting body, claws 1, carnivore, cold resistance 1, negative energy
resistance 3, inhibited regeneration, torment resistance, unbreathing
a: Minor Destruction, Lesser Servant of Makhleb, Major Destruction, Renounce
Religion


You were on level 11 of the Dungeon.
You worshipped Makhleb.
Makhleb was greatly pleased with you.
You were not hungry.

You visited 2 branches of the dungeon, and saw 12 of its levels.

You collected 766 gold pieces.
You spent 229 gold pieces at shops.

Inventory:

Missiles
 p - 32 tomahawks (quivered)
 q - 2 silver tomahawks
Armour
 a - a +0 robe
 d - a +0 buckler
 h - a +1 chain mail
 w - a cursed +0 cloak (worn)
 O - a +0 plate armour (worn)
 P - the +0 helmet "Wuphocka" {rF- Str+3}
   (You found it on level 10 of the Dungeon)

   It affects your strength (+3).
   It makes you vulnerable to fire.
 Q - a +0 helmet (worn)
Jewellery
 g - an uncursed amulet of magic regeneration
 j - a ring of protection from cold (left claw)
 I - a +3 amulet of reflection {unknown}
Wands
 y - a wand of enslavement (18)
 B - a wand of polymorph (27)
 E - a wand of digging (9)
 M - a wand of acid (8)
 R - a wand of iceblast (15)
Scrolls
 b - a scroll of immolation {unknown}
 f - 7 scrolls of remove curse
 l - 10 scrolls of identify
 o - 2 scrolls of enchant weapon {unknown}
 r - a scroll of enchant armour
 u - 5 scrolls of fog {unknown}
 C - 4 scrolls of teleportation
 D - a scroll of vulnerability
 F - 2 scrolls of magic mapping
 H - 3 scrolls of blinking {unknown}
 K - 2 scrolls of random uselessness {unknown}
 L - a scroll of amnesia
Potions
 c - 3 potions of lignification
 i - 3 potions of invisibility
 k - 2 potions of curing
 n - a potion of ambrosia {unknown}
 s - 3 potions of berserk rage {unknown}
 t - 3 potions of haste
 v - 2 potions of heal wounds {unknown}
 x - a potion of agility {unknown}
 z - a potion of resistance {unknown}
 A - 2 potions of flight {unknown}
 G - a potion of degeneration {unknown}
 J - a potion of cancellation {unknown}
 N - a potion of brilliance {unknown}
 S - 4 potions of might {unknown}
Comestibles
 e - 31 rations
 m - 3 chunks of flesh


   Skills:
 + Level 9.1 Fighting
 - Level 5.1 Armour
 - Level 2.6 Dodging
 - Level 2.1 Stealth
 - Level 12.9 Unarmed Combat
 + Level 8.4 Invocations


You had 10 spell levels left.
You didn't know any spells.
Your spell library contained the following spells:

 Spells                   Type           Power        Failure   Level  Hunger
 Summon Demon             Summ           #.........   100%        5    ######.
 Recall                   Summ/Tloc      N/A          100%        3    ####...
 Spider Form              Tmut/Pois      #.........   100%        3    ####...
 Blade Hands              Tmut           #.........   100%        5    ######.
 Ice Form                 Ice/Tmut       #.......     100%        4    #####..
 Shadow Creatures         Summ           N/A          100%        6    #######
 Sticks to Snakes         Tmut           #.......     100%        2    ###....
 Aura of Abjuration       Summ           #.........   100%        5    ######.
 Beastly Appendage        Tmut           #.....       100%        1    ##.....
 Summon Forest            Summ/Tloc      #.........   100%        5    ######.
 Summon Mana Viper        Hex/Summ       #.......     100%        5    ######.


Dungeon Overview and Level Annotations

Branches:
Dungeon (11/15)            Temple (1/1) D:6            Lair (0/6) D:9
    Orc (0/2) D:10

Altars:
Ashenzari
Cheibriados
Dithmenos
Elyvilon
Fedhas
Gozag
Hepliaklqana
Kikubaaqudgha
Makhleb
Nemelex Xobeh
Okawaru
Qazlal
Ru
Sif Muna
Trog
Uskayaw
Vehumet
Wu Jian
Xom
Yredelemnul
Zin
The Shining One

Shops:
D:5 ????   D:10 (   D:11 !

Annotations:
D:2 1 runed door


Innate Abilities, Weirdness & Mutations

Your body is rotting away.
You thrive on raw meat.
You are immune to poison.
You have sharp fingernails.
You are carnivorous and can eat meat at any time.
Your flesh is cold resistant. (rC+)
You are immune to negative energy. (rN+++)
You do not regenerate when monsters are visible.
You are immune to unholy pain and torment.
You can survive without breathing.


Message History

The centaur hits you.
The centaur unwields an uncursed shortbow of freezing.
The centaur barely misses you.
The centaur hits you but does no damage. x3
You mangle the centaur!!
You kill the centaur!
Makhleb accepts your kill. The centaur hits you. The centaur hits you!
* * * LOW HITPOINT WARNING * * *
The centaur hits you.
* * * LOW HITPOINT WARNING * * *
The centaur hits you but does no damage.
The centaur wields an uncursed shortbow of flaming.
It bursts into flame!
The centaur shoots an arrow.
The arrow hits you.
* * * LOW HITPOINT WARNING * * *
The arrow burns you.
* * * LOW HITPOINT WARNING * * *
The centaur hits you but does no damage. x3
The centaur shoots an arrow.
The arrow hits you.
You die...

.#####......##
.#####.......##
..............##
...............##
................##
.................##
...............)(c##
.............((c.c.##
...........#####@...##
...........#####.(...##
...........#####..(...##
.....#.....#####...(...#
#...###....#####....(..#
#....#.................#
#....................(.#
.....................(.#
.....................((#


You could see 3 centaurs.

Vanquished Creatures
  A two-headed ogre (D:10)
  An unseen horror (D:11)
  Pikel (D:5)
  A komodo dragon (D:9)
  A tengu conjurer (D:10)
  A troll (D:11)
  A hornet (D:10)
  A hippogriff (D:10)
  Sigmund (D:2)
  A vampire (D:9)
  A hungry ghost (D:8)
  Grum (D:9)
  An acid dragon (D:10)
  2 water moccasins
  9 orc warriors
  A slave (D:5)
  A black bear (D:9)
  A necrophage (D:8)
  A sky beast (D:4)
  A phantom (D:4)
  2 ogres
  2 wolves (D:9)
  7 centaurs
  2 big kobolds
  2 bullfrogs
  A crocodile (D:10)
  A wyvern skeleton (D:7)
  2 scorpions
  6 crimson imps
  3 hounds (D:10)
  A centaur skeleton (D:6)
  12 orc priests
  3 jellies
  2 bullfrog skeletons (D:4)
  2 iguanas
  13 orc wizards
  7 worker ants
  A hound skeleton (D:4)
  Robin (D:2)
  13 adders
  2 shadow imps
  3 oozes
  2 adder skeletons
  An adder zombie (D:9)
  3 worms
  2 dart slugs
  5 leopard geckos
  68 orcs
  6 giant cockroaches
  4 hobgoblins
  17 jackals
  8 kobolds
  7 quokkas
  2 ball pythons
  A ball python skeleton (D:4)
  4 bats
  3 frilled lizards
  14 goblins
  2 leopard gecko skeletons
  3 rats
269 creatures vanquished.

Vanquished Creatures (others)
  5 plants (D:9)
5 creatures vanquished.

Grand Total: 274 creatures vanquished

Notes
Turn   | Place    | Note
-------+----------+-------------------------------------------
     0 | D:1      | rgaf the Ghoul Monk began the quest for the Orb.
     0 | D:1      | Reached XP level 1. HP: 19/19 MP: 0/0
   101 | D:1      | Reached XP level 2. HP: 18/26 MP: 1/1
   257 | D:1      | Reached skill level 4 in Unarmed Combat
   778 | D:1      | Reached XP level 3. HP: 30/30 MP: 2/2
  1017 | D:2      | Noticed Sigmund
  1033 | D:1      | Reached skill level 5 in Unarmed Combat
  1292 | D:2      | Noticed Robin
  1305 | D:2      | Killed Robin
  1305 | D:2      | Reached XP level 4. HP: 27/36 MP: 3/3
  1327 | D:2      | Found a runed door.
  1624 | D:2      | Found an ancient bone altar of Kikubaaqudgha.
  1729 | D:2      | Killed Sigmund
  1729 | D:2      | Reached skill level 7 in Unarmed Combat
  1729 | D:2      | Reached XP level 5. HP: 35/45 MP: 4/4
  1729 | D:2      | Reached XP level 6. HP: 40/51 MP: 5/5
  2683 | D:3      | Reached skill level 8 in Unarmed Combat
  2834 | D:3      | Reached XP level 7. HP: 47/57 MP: 6/6
  3384 | D:4      | Reached skill level 9 in Unarmed Combat
  3574 | D:4      | Found a sacrificial altar of Ru.
  3808 | D:4      | Reached skill level 10 in Unarmed Combat
  3943 | D:4      | Reached XP level 8. HP: 59/63 MP: 7/7
  4176 | D:5      | Entered Level 5 of the Dungeon
  4176 | D:5      | Found Oriymusi's Magic Scroll Shop.
  4346 | D:5      | Bought a scroll of teleportation for 42 gold pieces
  4346 | D:5      | Bought a scroll of vulnerability for 105 gold pieces
  4446 | D:5      | Found Ewkog's Magic Scroll Boutique.
  4449 | D:5      | Bought a scroll of teleportation for 33 gold pieces
  4459 | D:5      | Found Maeru's Magic Scroll Shoppe.
  4477 | D:5      | Reached skill level 11 in Unarmed Combat
  4498 | D:5      | Bought a scroll of magic mapping for 49 gold pieces
  4566 | D:5      | Found Meapn's Magic Scroll Shop.
  4618 | D:5      | Noticed Pikel
  4794 | D:5      | Killed Pikel
  4794 | D:5      | Reached skill level 12 in Unarmed Combat
  4794 | D:5      | Reached XP level 9. HP: 70/70 MP: 8/8
  4987 | D:6      | Found a bloodstained altar of Trog.
  5037 | D:6      | Found a staircase to the Ecumenical Temple.
  5068 | Temple   | Entered the Ecumenical Temple
  5126 | Temple   | Became a worshipper of Makhleb the Destroyer
  5126 | Temple   | Reached * piety under Makhleb
  5126 | Temple   | Reached ** piety under Makhleb
  5595 | D:6      | Found a hazy altar of Hepliaklqana.
  6130 | D:7      | Found a sparkling altar of Nemelex Xobeh.
  6131 | D:7      | Found a glowing silver altar of Zin.
  6234 | D:7      | Reached skill level 1 in Invocations
  6346 | D:7      | Reached skill level 1 in Armour
  7529 | D:8      | Reached *** piety under Makhleb
  7529 | D:8      | Reached skill level 5 in Fighting
  7895 | D:8      | Reached XP level 10. HP: 81/81 MP: 12/12
  8663 | D:9      | Noticed Grum
  8682 | D:9      | Killed Grum
  8682 | D:9      | Reached skill level 5 in Invocations
  9198 | D:9      | Found a staircase to the Lair.
  9450 | D:10     | Entered Level 10 of the Dungeon
  9455 | D:10     | Noticed a two-headed ogre
  9581 | D:10     | Killed a two-headed ogre
  9581 | D:10     | Reached skill level 5 in Armour
 10243 | D:10     | Got a heavily runed helmet
 10254 | D:10     | Identified the +0 helmet "Wuphocka" {rF- Str+3} (You found it on level 10 of the Dungeon)
 10374 | D:10     | Found a staircase to the Orcish Mines.
 10436 | D:10     | Found Kuos's Weapon Shoppe.
 10997 | D:10     | Reached XP level 11. HP: 67/93 MP: 15/15
 11123 | D:11     | Killed an unseen horror
 11123 | D:11     | Reached **** piety under Makhleb
 11790 | D:11     | Found Bett's Distillery.
 12016 | D:11     | HP: 4/96 [centaur/arrow (1)]
 12016 | D:11     | Shot with an arrow by a centaur

Skill      XL: |  1  2  3  4  5  6  7  8  9 10 11 |
---------------+----------------------------------+-----
Unarmed Combat | 4 5 7 8 10 12 | 12.9
Invocations    | 4 7 8 |  8.4
Armour         | 3 5 |  5.1
Fighting       | 5 8 9 |  9.1
Dodging        | |  2.6
Stealth        | |  2.1

Action                   |  1- 3 |  4- 6 |  7- 9 | 10-12 || total
-------------------------+-------+-------+-------+-------++-------
Melee: Unarmed           |    79 |   143 |   400 |   271 ||   893
       Punch             |     1 |     4 |    13 |     8 ||    26
Throw: Tomahawk          |       |     1 |       |       ||     1
Invok: Lesser Servant of |       |       |       |     1 ||     1
Evoke: Wand              |       |       |     1 |     5 ||     6
  Use: Scroll            |       |     4 |       |       ||     4
       Potion            |       |       |       |     4 ||     4
 Stab: Sleeping          |     2 |       |       |       ||     2
       Paralysed         |       |       |     4 |     5 ||     9
  Eat: Chunk             |     3 |     9 |    22 |    22 ||    56
Armor: Robe              |    13 |       |       |       ||    13
       Chain mail        |    19 |    74 |   184 |     7 ||   284
       Plate armour      |       |       |       |   237 ||   237
Dodge: Dodged            |    43 |    54 |   107 |    81 ||   285
